 Dungeon Crawl Stone Soup version 0.22-a0-274-gf8199ec (webtiles) character file.

39 puppykicker the Ducker (level 3, -9/28 HPs)
             Began as a Minotaur Wizard on Mar 15, 2018.
             Killed by nerve-wracking pain
             ... invoked by Jessica
              (13 damage)
             ... on level 2 of the Dungeon.
             The game lasted 00:04:57 (1937 turns).

puppykicker the Ducker (Minotaur Wizard)            Turns: 1937, Time: 00:04:58

Health: -9/28      AC:  2    Str: 11    XL:     3   Next: 28%
Magic:  1/5        EV: 12    Int: 16    God:
Gold:   49         SH:  0    Dex:  8    Spells: 1/6 levels left

rFire    . . .     SeeInvis .   a - +0 flail
rCold    . . .     Gourm    .   (no shield)
rNeg     . . .     Faith    .   h - +0 robe
rPois    .         Spirit   .   n - +0 hat
rElec    .         Reflect  .   (no cloak)
rCorr    .         Harm     .   (no gloves)
MR       .....                  (no boots)
Stlth    +.........             (no amulet)
HPRegen  0.09/turn              (no ring)
MPRegen  0.09/turn              (no ring)

@: very slightly contaminated
A: retaliatory headbutt, horns 2
a: no special abilities


You were on level 2 of the Dungeon.
You were not hungry.

You visited 1 branch of the dungeon, and saw 2 of its levels.

You collected 49 gold pieces.


Innate Abilities, Weirdness & Mutations

You reflexively headbutt those who attack you in melee.
You have a pair of horns on your head.


   Skills:
 + Level 1.2 Fighting
 + Level 1.2 Armour
 + Level 2.6 Dodging
 - Level 1.5 Stealth
 + Level 2.3 Spellcasting
 + Level 1.0 Conjurations
 + Level 0.8 Summonings
 + Level 0.9 Translocations


You had one spell level left.
You knew the following spells:

 Your Spells              Type           Power        Failure   Level  Hunger
a - Magic Dart            Conj           #...         13%         1    #......
b - Call Imp              Summ           #.......     22%         2    ###....
p - Blink                 Tloc           N/A          21%         2    ###....

Inventory:

Hand Weapons
 a - a +0 flail (weapon)
 b - a +0 hunting sling
Missiles
 c - 22 poisoned needles
 l - 20 arrows
 o - 13 stones (quivered)
Armour
 h - a +0 robe (worn)
 n - a +0 hat (worn)
Scrolls
 g - a scroll of teleportation {unknown}
 i - a scroll of blinking {unknown}
Potions
 e - a potion of degeneration {unknown}
 j - a potion of lignification {unknown}
 k - a potion of invisibility {unknown}
 m - a potion of brilliance {unknown}
 p - 2 potions of agility {unknown}
Comestibles
 d - 4 rations
 f - 3 chunks of flesh {@w1}

Dungeon Overview and Level Annotations

Branches:
Dungeon (2/15)

Altars:
Okawaru

Annotations:
D:2 Jessica

..######. ..... .........
.... #.......#### .. ...
#.......@@.# ... ....
#........#.#....###.##...
#........#.##.#......#.##
#........#.............##
#......รท.####..##...##.##
########....#..#.....#...
####.#....._......
#.#..#.....#..#
#....##...##.##


You could see Jessica.


Message History

Jessica hits you with a dagger of speed.
* * * LOW HITPOINT WARNING * * *
Jessica closely misses you.
Aiming: Magic Dart (safe; 13% risk of failure)
Aim: Jessica, wielding a dagger of speed and wearing a robe (fast)
The magic dart hits Jessica.
Jessica mumbles some strange words.
Jessica blinks!
Aiming: Magic Dart (safe; 13% risk of failure)
Aim: Jessica, wielding a dagger of speed and wearing a robe (fast)
The magic dart hits Jessica.
Jessica is moderately wounded.
Jessica hits you with a dagger of speed.
* * * LOW HITPOINT WARNING * * *
You barely miss Jessica.
Jessica is moderately wounded.
Jessica barely misses you.
Jessica hits you with a dagger of speed.
* * * LOW HITPOINT WARNING * * *
Jessica hits you but does no damage.
Aiming: Magic Dart (safe; 13% risk of failure)
Aim: Jessica, wielding a dagger of speed and wearing a robe (moderately wounded, fast)
You miscast Magic Dart.
You are very lightly contaminated with residual magic.
You feel a strange surge of energy!
Jessica hits you with a dagger of speed.
* * * LOW HITPOINT WARNING * * *
Jessica gestures at you while chanting. Pain shoots through your body!
You die...

Action                   || total
-------------------------++-------
Melee: Dagger            ||    19
       Unarmed           ||     8
       Headbutt          ||     4
       Flail             ||     8
 Fire: Hunting sling     ||    10
 Cast: Magic Dart        ||    73
  Eat: Chunk             ||     4
Armor: Robe              ||    15
Dodge: Dodged            ||    50

Vault maps used:
D:1:      ldierk_walled_garden, minmay_tripent
D:2:      okawaru_gym_becter, uniq_jessica

Notes
Turn   | Place    | Note
-------+----------+-------------------------------------------
     0 | D:1      | puppykicker the Minotaur Wizard began the quest for the Orb.
     0 | D:1      | Reached XP level 1. HP: 14/14 MP: 2/2
   378 | D:1      | Reached XP level 2. HP: 20/22 MP: 0/4
   389 | D:1      | Learned a level 2 spell: Blink
   392 | D:1      | Learned a level 2 spell: Call Imp
   709 | D:1      | Reached skill level 1 in Fighting
   709 | D:1      | Reached skill level 1 in Armour
   709 | D:1      | Reached skill level 1 in Conjurations
  1158 | D:2      | Found an iron altar of Okawaru.
  1299 | D:2      | Reached XP level 3. HP: 28/28 MP: 5/5
  1927 | D:2      | Noticed Jessica
  1937 | D:2      | Killed from afar by Jessica

Vanquished Creatures
  A worm (D:2)
  A dart slug (D:1)
  2 leopard geckos
  A ball python (D:2)
  4 giant cockroaches (D:2)
  4 hobgoblins
  2 jackals (D:1)
  A quokka (D:2)
  4 bats (D:1)
  2 frilled lizards (D:1)
  4 goblins (D:1)
  2 kobolds (D:1)
  3 rats (D:1)
31 creatures vanquished.

Vanquished Creatures (others)
  5 toadstools (D:1)
5 creatures vanquished.

Grand Total: 36 creatures vanquished
